 Dungeon Crawl Stone Soup version 0.32-a0-747-gc8563f6 (webtiles) character file.

Game seed: 17914935180086205085

1351 GregortTheSecond the Protected (level 8, -4/69 HPs)
             Began as a Minotaur Fighter on Mar 17, 2024.
             Was a Believer of Beogh.
             Incinerated by a bombardier beetle (5 damage)
             ... with a burning spray
             ... on level 6 of the Dungeon.
             The game lasted 00:23:23 (3286 turns).

GregortTheSecond the Protected (Minotaur Fighter)   Turns: 3286, Time: 00:23:23

Health: -4/69      AC: 16    Str: 30    XL:     8   Next: 36%
Magic:  7/7        EV:  7    Int:  5    God:    Beogh [**....]
Gold:   156        SH:  4    Dex:  9    Spells: 7/7 levels left

rFire   . . .        n - +1 spear (vamp)
rCold   . . .        c - +0 buckler
rNeg    . . .        v - +0 plate armour
rPois   .            (helmet restricted)
rElec   .            (no cloak)
rCorr   .            w - +0 pair of gloves
SInv    .            e - +0 pair of boots
Will    .....        (no amulet) Stlth
                     r - +6 ring of strength
HPRegen 0.31/turn    (no ring)
MPRegen 0.10/turn

%: no passive effects
@: mighty, on fire, glowing
A: horns 2, retaliatory headbutt
a: Renounce Religion, Smiting


You were on level 6 of the Dungeon.
You worshipped Beogh.
Beogh was pleased with you.
You visited 1 branch of the dungeon, and saw 6 of its levels.

You collected 156 gold pieces.

Inventory:

Hand Weapons
 a - a +0 trident
 g - a +1 whip of venom
 n - a +1 vampiric spear (weapon)
 q - a +2 whip of freezing
Missiles
 s - 15 poisoned darts (quivered)
Armour
 b - a +0 scale mail
 c - a +0 buckler (worn)
 e - a +0 pair of boots (worn)
 l - a +0 helmet
 m - a +0 ring mail
 u - a +1 helmet
 v - a +0 plate armour (worn)
 w - a +0 pair of gloves (worn)
Magical Staves
 i - a staff of conjuration
Jewellery
 h - a ring of magical power
 o - a ring of protection from cold
 r - a +6 ring of strength (left hand)
Wands
 k - a wand of flame (14)
Scrolls
 f - a scroll of revelation
 j - a scroll of identify
 p - 2 scrolls of blinking
 t - a scroll of teleportation
 x - a scroll of enchant armour


   Skills:
 + Level 5.5 Fighting
 + Level 3.7 Maces & Flails
 + Level 5.1 Polearms
 + Level 0.2(4.0) Staves
 + Level 8.2 Armour
 + Level 3.1 Dodging
 + Level 1.0 Stealth
 + Level 5.9 Shields


You had 7 spell levels left.
You didn't know any spells.
Your spell library contained the following spells:

 Spells                   Type           Power      Damage    Failure   Level
 Call Imp                 Summ           0%         N/A       100%        2
 Ensorcelled Hibernation  Hex/Ice        0%         N/A       100%        2
 Lesser Beckoning         Tloc           0%         N/A       100%        2
 Sublimation of Blood     Necr           0%         N/A       100%        2
 Gell's Gravitas          Tloc           0%         N/A       100%        3
 Passwall                 Erth           0%         N/A       100%        3
 Swiftness                Air            0%         N/A       100%        3
 Teleport Other           Tloc           0%         N/A       100%        3
 Animate Dead             Necr           0%         N/A       100%        4
 Ignite Poison            Fire/Alch      0%         N/A       100%        4
 Sticky Flame             Fire/Alch      0%         2d4       100%        4
 Borgnjor's Vile Clutch   Necr/Erth      0%         N/A       100%        5
 Death Channel            Necr           0%         N/A       100%        6
 Summon Hydra             Summ           0%         N/A       100%        7
 Ignition                 Fire           0%         3d3       100%        8


Dungeon Overview and Level Annotations

Branches:
Dungeon (6/15)
 Temple: D:4-7

Altars:
Beogh


Innate Abilities, Weirdness & Mutations

Your facial features look somewhat orcish.
You have a pair of horns on your head.
You reflexively headbutt those who attack you in melee.


Message History

You hit the bombardier beetle.
You feel better.
Your headbutt misses the bombardier beetle.
The bombardier beetle is almost dead.
The electric eel shoots out a bolt of lightning at you!
The bolt of electricity hits you.
* * * LOW HITPOINT WARNING * * *
You feel better.
The electric eel shoots out a bolt of lightning at you!
The bolt of electricity hits you.
The bombardier beetle sprays incendiary fluid at you.
The burning spray hits you.
You are covered in liquid fire!
You shake off some of the fire as you move.
The liquid fire burns you!
* * * LOW HITPOINT WARNING * * *
The electric eel shoots out a bolt of lightning at you!
The bolt of electricity hits you.
* * * LOW HITPOINT WARNING * * *
You shake off some of the fire as you move.
The liquid fire burns you!
* * * LOW HITPOINT WARNING * * *
The bombardier beetle sprays incendiary fluid at you.
The burning spray hits you.
You are even more covered in liquid fire!
You shake off some of the fire as you move.
The liquid fire burns you!
* * * LOW HITPOINT WARNING * * *
The bombardier beetle waves its antennae.
The bombardier beetle sprays incendiary fluid at you.
The burning spray hits you.
You are even more covered in liquid fire!
You shake off some of the fire as you move.
The liquid fire burns you!
* * * LOW HITPOINT WARNING * * *
You shake off some of the fire as you move.
The liquid fire burns you!
* * * LOW HITPOINT WARNING * * *
You shake off some of the fire as you move.
The liquid fire burns you!
You die...

...# [..........f..≈ #..#
≈≈≈≈≈≈..≈≈≈≈≈≈≈ ##.## #''# ###
##..# #.B# #.######### ....#
##.# #.##......#
###.########.#######.##.####>#
#.##.....†....)....##.# #.#
#.##.#####............# #.#
#.##.# #..##@....#### #.#
#.##.# #..##.....# #.# #.##.#
#..##.....# #.# #..).#
###..##.#.### #.# ####.#
#.......#.# #.#
#.###.#####.#.###### #.#
#.##...............# #.#
#.##..#####.##.###.# #.#
#.##.<# #.##†## # #.#


There were no monsters in sight!

Vanquished Creatures
  Pikel (D:4)
  A wyvern (D:6)
  An ice beast (D:6)
  A black bear (D:5)
  2 ogres
  A howler monkey (D:6)
  A bombardier beetle (D:5)
  2 hounds (D:5)
  A jelly (D:6)
  2 iguanas
  A sleepcap (D:6)
  Robin (D:2)
  4 gnolls (D:2)
  4 adders
  A white imp (D:6)
  A ribbon worm (D:5)
  5 endoplasms
  3 giant cockroaches
  11 hobgoblins
  4 jackals (D:3)
  4 kobolds
  4 quokkas
  7 ball pythons
  2 bats (D:1)
  5 frilled lizards
  14 goblins
  9 rats
93 creatures vanquished.

Notes
Turn   | Place    | Note
-------+----------+-------------------------------------------
     0 | D:1      | GregortTheSecond the Minotaur Fighter began the quest for
                  | the Orb.
     0 | D:1      | Reached XP level 1. HP: 19/19 MP: 0/0
    71 | D:1      | Reached XP level 2. HP: 25/27 MP: 1/1
   103 | D:1      | Reached skill level 4 in Armour
   289 | D:1      | Reached XP level 3. HP: 33/33 MP: 2/2
   336 | D:1      | Found a faded altar of an unknown god.
   349 | D:1      | Prayed at the altar of an unknown god.
   349 | D:1      | Became a worshipper of Beogh the Shepherd
   349 | D:1      | Reached * piety under Beogh
   469 | D:2      | Noticed Robin
   495 | D:2      | Killed Robin
   578 | D:2      | Reached XP level 4. HP: 22/40 MP: 3/3
   587 | D:2      | Reached skill level 1 in Maces & Flails
   682 | D:2      | Reached skill level 1 in Dodging
   998 | D:3      | Reached ** piety under Beogh
  1218 | D:3      | Reached XP level 5. HP: 47/47 MP: 4/4
  1731 | D:4      | Noticed Pikel
  1731 | D:4      | Noticed a lemure
  1731 | D:4      | Noticed a lemure
  1732 | D:4      | Noticed a lemure
  1734 | D:4      | Noticed a lemure
  1810 | D:4      | Killed Pikel
  1811 | D:4      | Reached skill level 6 in Armour
  1811 | D:4      | Reached skill level 5 in Shields
  1811 | D:4      | Reached XP level 6. HP: 45/55 MP: 5/5
  1811 | D:4      | Reached XP level 7. HP: 49/60 MP: 6/6
  2063 | D:4      | Reached skill level 5 in Fighting
  2235 | D:5      | Entered Level 5 of the Dungeon
  2321 | D:5      | Reached skill level 7 in Armour
  3092 | D:6      | Reached XP level 8. HP: 51/68 MP: 7/7
  3256 | D:6      | Reached skill level 5 in Polearms
  3269 | D:6      | Reached skill level 8 in Armour
  3269 | D:6      | Reached skill level 1 in Stealth
  3285 | D:6      | HP: 1/69 [burnt (4)]
  3286 | D:6      | Incinerated by a bombardier beetle

Illustrated notes

Levels and vault maps discovered:
D:1:      shiori_arrival_elements, layout_basic, ebering_ecumenical_altar_webs,
          minmay_misc_feat_rows
D:2:      layout_basic, hex_tiny, uniq_robin
D:3:      layout_basic
D:4:      layout_loops_cross, uniq_pikel
D:5:      layout_loops_corners
D:6:      layout_loops_ring, mainiacjoe_ossuary_entry_find_the_door,
          kennysheep_dice

Skill      XL: |  1  2  3  4  5  6  7  8 |
---------------+-------------------------+-----
Armour         | 4 6 7 8 |  8.2
Fighting       | 4 5 |  5.5
Shields        | 4 5 |  5.9
Polearms       | 3 4 5 |  5.1
Maces & Flails | 1 2 3 |  3.7
Dodging        | 1 2 3 |  3.1
Stealth        | 1 |  1.0
Staves         | |  0.2

Action                     |  1- 3 |  4- 6 |  7- 9 || total
---------------------------+-------+-------+-------++-------
  Melee: Trident           |    16 |       |       ||    16
         Headbutt          |    14 |     9 |    13 ||    36
         Whip              |    69 |     8 |    48 ||   125
         Staff             |    13 |       |       ||    13
         Spear             |       |    89 |    18 ||   107
    Use: Potion            |     1 |     6 |     2 ||     9
         Scroll            |       |     4 |     1 ||     5
 Armour: Scale mail        |   104 |    68 |       ||   172
         Plate armour      |       |    27 |    42 ||    69
         Skin              |       |     4 |       ||     4
  Dodge: Dodged            |    53 |    64 |    24 ||   141
  Block: Buckler           |    28 |    23 |     7 ||    58

Table legend: (Time is in decaauts)
 A = Elapsed time spent in this place.
 B = Non-inter-level travel time spent in this place.
 C = Inter-level travel time spent in this place.
 D = Time resting spent in this place.
 E = Time spent auto-exploring this place.
 F = Levels seen in this place.
 G = Mean time per level.
                   A        B        C        D        E       F      G
               +--------+--------+--------+--------+--------+-----+--------+
         Total |   3287 |    805 |   2482 |      0 |      0 |   6 |  547.8 |
       Dungeon |   3287 |    805 |   2482 |      0 |      0 |   6 |  547.8 |
               +--------+--------+--------+--------+--------+-----+--------+

Top non-repeatable levels by time:
     D:5: 829 daAuts
     D:4: 623 daAuts
     D:3: 616 daAuts
     D:1: 588 daAuts
     D:2: 414 daAuts
     D:6: 215 daAuts
